 Dungeon Crawl Stone Soup version 0.29-a0-297-g7659ce593d (webtiles) character file.

Game seed: 9176194631433659530

236 zxcvas the Cudgeller (level 5, -5/48 HPs)
             Began as a Minotaur Berserker on Mar 22, 2022.
             Was a Believer of Trog.
             Slain by a kobold brigand
             ... wielding a +0 whip
              (7 damage)
             ... on level 4 of the Dungeon on Mar 23, 2022.
             The game lasted 00:13:42 (2703 turns).

zxcvas the Cudgeller (Minotaur Berserker)           Turns: 2703, Time: 00:13:43

Health: -5/48      AC:  6    Str: 23    XL:     5   Next: 77%
Magic:  4/4        EV: 11    Int:  4    God:    Trog [**....]
Gold:   109        SH:  0    Dex: 10    Spells: 4/4 levels left

rFire   . . .      SeeInvis .   a - +0 mace
rCold   . . .      Faith    +   (no shield)
rNeg    . . .      Spirit   .   n - +0 scale mail
rPois   .          Reflect  .   (helmet restricted)
rElec   .          Harm     .   (no cloak)
rCorr   .          Rampage  .   (no gloves)
Will    .....                   (no boots)
Stlth   ..........              w - amulet of faith
HPRegen 0.16/turn               (no ring)
MPRegen 0.09/turn               (no ring)

@: no status effects
A: horns 2, retaliatory headbutt
a: Renounce Religion, Berserk, Trog's Hand


You were on level 4 of the Dungeon.
You worshipped Trog.
Trog was pleased with you.
You visited 1 branch of the dungeon, and saw 4 of its levels.

You collected 109 gold pieces.

Inventory:

Hand Weapons
 a - a +0 mace (weapon)
 k - a +0 dagger
 r - a +0 flail
 s - a +0 hand axe
 t - a +0 trident
 y - a +0 falchion
Missiles
 g - 4 poisoned darts (quivered)
 u - 3 boomerangs
Armour
 b - a +0 animal skin
 e - a +0 leather armour
 n - a +0 scale mail (worn)
 p - a +0 ring mail
 v - a +0 ring mail
Jewellery
 w - an amulet of faith (around neck)
Wands
 x - a wand of acid (8)
Scrolls
 d - 3 scrolls of identify
 f - 2 scrolls of blinking {unknown}
 h - a scroll of enchant weapon {unknown}
 l - a scroll of fog {unknown}
 o - 2 scrolls of teleportation {unknown}
Potions
 c - 2 potions of heal wounds
 i - a potion of curing {unknown}
 j - a potion of degeneration {unknown}
 m - a potion of cancellation {unknown}
 q - a potion of invisibility {unknown}


   Skills:
 + Level 5.1 Fighting
 + Level 5.9 Maces & Flails
 + Level 3.1 Armour
 + Level 3.3 Dodging
 + Level 0.5 Stealth


You had 4 spell levels left.
You didn't know any spells.
Your spell library contained the following spells:

 Spells                   Type           Power      Damage    Failure   Level
 Conjure Flame            Conj/Fire      0%         6-21      99%         3
 Ignite Poison            Fire/Tmut/Pois 0%         N/A       99%         3
 Sticky Flame             Conj/Fire      0%         2d3       100%        4


Dungeon Overview and Level Annotations

Branches:
Dungeon (4/15)
 Temple: D:4-7

Altars:

Shops:
D:1 [   D:2 =

Annotations:
D:1 exclusion: upstairs
D:4 1 runed translucent door


Innate Abilities, Weirdness & Mutations

You have a pair of horns on your head.
You reflexively headbutt those who attack you in melee.


Message History

The kobold brigand hits you but does no damage.
You closely miss the kobold brigand.
Your headbutt misses the kobold brigand.
You feel sick.
The kobold brigand completely misses you.
You hit the kobold brigand but do no damage.
You feel sick.
The kobold brigand completely misses you.
You hit the kobold brigand but do no damage.
You headbutt the kobold brigand, but do no damage.
You feel sick.
You are no longer poisoned.
The kobold brigand hits you with a +0 whip.
You thump the kobold brigand! You headbutt the kobold brigand!
The kobold brigand is severely wounded.
The kobold brigand hits you with a +0 whip.
* * * LOW HITPOINT WARNING * * *
You closely miss the kobold brigand.
The kobold brigand is severely wounded.
The kobold brigand hits you but does no damage.
You barely miss the kobold brigand.
The kobold brigand is severely wounded.
The kobold brigand hits you but does no damage. x2
You hit the kobold brigand.
Your headbutt misses the kobold brigand.
The kobold brigand is almost dead.
The kobold brigand barely misses you.
You closely miss the kobold brigand.
The kobold brigand is almost dead.
The kobold brigand hits you with a +0 whip!
* * * LOW HITPOINT WARNING * * *
You hit the kobold brigand but do no damage.
The kobold brigand is almost dead.
The kobold brigand hits you with a +0 whip.
* * * LOW HITPOINT WARNING * * *
You hit the kobold brigand but do no damage.
Your headbutt misses the kobold brigand.
The kobold brigand is almost dead.
The kobold brigand hits you with a +0 whip!
You die...

≈≈≈#..##..# #
#####. #..#
..#######.## #..#
#?......... #.>#
#........# ##.#
#........# #.#
#......K.# ######.#
#.#'###K####......#
.. #@# #.......# #
#.###.......#
#...........#
######......#
########


You could see a kobold brigand and a kobold.

Vanquished Creatures
  A necrophage (D:4)
  An orc priest (D:4)
  A jelly (D:4)
  An iguana (D:4)
  An orc wizard (D:4)
  An adder (D:2)
  A gnoll (D:1)
  2 dart slugs
  3 orcs (D:4)
  3 ball pythons
  2 bats
  3 endoplasms
  2 giant cockroaches (D:1)
  5 hobgoblins
  5 quokkas
  4 frilled lizards
  3 goblins
  4 kobolds
  6 rats
49 creatures vanquished.

Notes
Turn   | Place    | Note
-------+----------+-------------------------------------------
     0 | D:1      | zxcvas the Minotaur Berserker began the quest for the Orb.
     0 | D:1      | Reached XP level 1. HP: 19/19 MP: 0/0
    33 | D:1      | Found Viamaixt's Armour Boutique.
   357 | D:1      | Reached XP level 2. HP: 23/27 MP: 1/1
   479 | D:1      | Found a faded altar of an unknown god.
  1123 | D:2      | Reached XP level 3. HP: 33/33 MP: 2/2
  1218 | D:2      | Reached ** piety under Trog
  1391 | D:2      | Found Vaupruqyi's Jewellery Boutique.
  2098 | D:4      | Noticed a necrophage
  2106 | D:4      | Killed a necrophage
  2107 | D:4      | Reached skill level 5 in Maces & Flails
  2107 | D:4      | Reached XP level 4. HP: 31/41 MP: 3/3
  2250 | D:4      | Reached XP level 5. HP: 34/47 MP: 4/4
  2387 | D:4      | Reached skill level 5 in Fighting
  2645 | D:4      | Found a runed translucent door.
  2702 | D:4      | HP: 2/48 [kobold brigand/+0 whip (5)]
  2703 | D:4      | Slain by a kobold brigand

Illustrated notes

Levels and vault maps discovered:
D:1:      lightli_arrival_quake, layout_loops_ring,
          hellmonk_ecumenical_altar_slurped_away, serial_shops, shop_fountains,
          minmay_misc_feat_more_columns
D:2:      layout_basic, serial_shops, shop, minmay_unequal
D:3:      layout_loops_ring, gup_sewer_entry_spiral
D:4:      layout_basic, ebering_ghost_sewer_f, minmay_fractal_squares_diagonal_5

Skill      XL: |  1  2  3  4  5 |
---------------+----------------+-----
Fighting       | 4 5 |  5.1
Maces & Flails | 4 5 |  5.9
Dodging        | 3 |  3.3
Armour         | 3 |  3.1
Stealth        | |  0.5

Action                   |  1- 3 |  4- 6 || total
-------------------------+-------+-------++-------
Melee: Mace              |    72 |    41 ||   113
       Headbutt          |     6 |     5 ||    11
       Punch             |     1 |       ||     1
  Use: Scroll            |       |     1 ||     1
Armor: Animal skin       |     7 |       ||     7
       Scale mail        |     2 |    12 ||    14
       Leather armour    |     2 |       ||     2
Dodge: Dodged            |    45 |    21 ||    66

Table legend: (Time is in decaauts)
 A = Elapsed time spent in this place.
 B = Non-inter-level travel time spent in this place.
 C = Inter-level travel time spent in this place.
 D = Time resting spent in this place.
 E = Time spent auto-exploring this place.
 F = Levels seen in this place.
 G = Mean time per level.
                   A        B        C        D        E       F      G
               +--------+--------+--------+--------+--------+-----+--------+
         Total |   2720 |   2720 |      0 |      0 |   1691 |   4 |  680.0 |
       Dungeon |   2720 |   2720 |      0 |      0 |   1691 |   4 |  680.0 |
               +--------+--------+--------+--------+--------+-----+--------+

Top non-repeatable levels by time:
     D:1: 1050 daAuts
     D:2: 938 daAuts
     D:4: 690 daAuts
     D:3: 41 daAuts
